[ AOE2 MATCH · #504665970 ]
UnrankedMalians vs Muisca
Player's team · WIN
Rival team · LOSS
[ REPLAY ANALYSIS · EXTRACTED FROM THE RECORDED GAME ]
Feudal
11:22
Castle
21:16
Imperial
—
| APM avg | 72.3 |
| APM peak | 107 |
| eAPM avg | 35.9 |
| Villagers / military | 42 / 32 |
Focus
⚔️ 58.2% · 🌾 41.8%
Archer ×25 · Militia ×7
Feudal
8:55
Castle
—
Imperial
—
| APM avg | 51.8 |
| APM peak | 101 |
| eAPM avg | 23.7 |
| Villagers / military | 39 / 10 |
Focus
⚔️ 34.0% · 🌾 66.0%
Archer ×7 · Unknown (2550) ×4 · Skirmisher ×3
Match map
Initial resources + every placement click. Lines = walls · curves = elevation contours. ◆ gold · ⬟ stone · ● berries · ✦ relic · ◌ wall gap
Your base· ✓ Closed at 21:16 · 29t walls · no gate
SSS66618's base· Open — opponent sealed themselves in
Smoothed initial terrain · ◌ = detected wall gap · hover for details
Inputs per minute
— Chavah - - SSS66618
Build order — Chavah
First 150 of 154 actions detected
| 0:00 | Queue | Villager (Male) |
| 0:01 | Queue | Villager (Male) |
| 0:02 | Build | House |
| 0:03 | Build | House |
| 0:07 | Queue | Villager (Male) |
| 0:07 | Queue | Villager (Male) |
| 1:26 | Queue | Villager (Male) |
| 1:55 | Build | Lumber Camp |
| 1:59 | Queue | Villager (Male) |
| 1:59 | Queue | Villager (Male) |
| 2:17 | Queue | Villager (Male) |
| 2:17 | Queue | Villager (Male) |
| 2:46 | Queue | Villager (Male) |
| 3:06 | Queue | Villager (Male) |
| 3:31 | Queue | Villager (Male) |
| 3:47 | Queue | Villager (Male) |
| 3:48 | Queue | Villager (Male) |
| 3:51 | Build | House |
| 4:14 | Build | Barracks |
| 4:18 | Build | Palisade Wall |
| 4:22 | Build | House |
| 4:24 | Queue | Villager (Male) |
| 4:45 | Queue | Villager (Male) |
| 4:45 | Queue | Villager (Male) |
| 5:12 | Queue | Militia |
| 5:17 | Queue | Villager (Male) |
| 5:32 | Build | Palisade Wall |
| 5:45 | Queue | Villager (Male) |
| 5:51 | Queue | Militia |
| 5:51 | Queue | Militia |
| 5:58 | Build | Mill |
| 6:06 | Queue | Militia |
| 6:13 | Queue | Villager (Male) |
| 6:21 | Build | House |
| 6:22 | Build | Palisade Wall |
| 6:26 | Queue | Villager (Male) |
| 6:45 | Queue | Villager (Male) |
| 6:48 | Queue | Villager (Male) |
| 7:25 | Build | House |
| 7:26 | Build | Palisade Wall |
| 7:35 | Queue | Villager (Male) |
| 7:38 | Build | Palisade Wall |
| 7:44 | Queue | Villager (Male) |
| 8:23 | Research | Loom |
| 8:30 | Build | Lumber Camp |
| 9:12 | Research | Feudal Age |
| 9:18 | Build | Mining Camp |
| 9:32 | Build | Palisade Wall |
| 10:06 | Build | Palisade Wall |
| 10:08 | Build | Palisade Wall |
| 10:10 | Build | Palisade Wall |
| 10:15 | Queue | Militia |
| 10:19 | Build | Palisade Wall |
| 10:36 | Queue | Militia |
| 10:46 | Queue | Militia |
| 10:50 | Build | Farm |
| 10:52 | Build | Farm |
| 10:53 | Build | Farm |
| 10:56 | Build | Farm |
| 11:14 | Queue | Villager (Male) |
| 11:22 | Age | Feudal Age |
| 11:24 | Research | Man-at-Arms (upgrade) |
| 11:25 | Research | Man-at-Arms (upgrade) |
| 11:31 | Build | Archery Range |
| 11:43 | Queue | Villager (Male) |
| 11:44 | Research | Double-Bit Axe |
| 11:49 | Build | House |
| 12:02 | Queue | Villager (Male) |
| 12:16 | Build | Blacksmith |
| 12:20 | Build | House |
| 12:23 | Queue | Villager (Male) |
| 12:29 | Queue | Archer |
| 12:41 | Queue | Villager (Male) |
| 12:42 | Queue | Archer |
| 12:44 | Build | House |
| 12:47 | Build | House |
| 12:50 | Build | House |
| 12:58 | Queue | Archer |
| 12:58 | Queue | Archer |
| 13:06 | Queue | Villager (Male) |
| 13:20 | Queue | Archer |
| 13:27 | Queue | Villager (Male) |
| 13:30 | Build | House |
| 13:34 | Build | House |
| 13:45 | Research | Fletching |
| 13:46 | Queue | Villager (Male) |
| 13:46 | Queue | Archer |
| 14:00 | Build | Farm |
| 14:03 | Build | Farm |
| 14:05 | Queue | Archer |
| 14:09 | Build | House |
| 14:17 | Queue | Archer |
| 14:18 | Queue | Villager (Male) |
| 14:31 | Queue | Villager (Male) |
| 14:36 | Queue | Archer |
| 14:48 | Queue | Villager (Male) |
| 14:49 | Queue | Villager (Male) |
| 15:05 | Queue | Archer |
| 15:17 | Build | Farm |
| 15:19 | Build | Farm |
| 15:20 | Queue | Archer |
| 15:26 | Queue | Villager (Male) |
| 15:30 | Build | Farm |
| 15:33 | Build | Farm |
| 15:47 | Build | Farm |
| 15:51 | Build | Farm |
| 15:51 | Queue | Villager (Male) |
| 15:52 | Queue | Archer |
| 16:02 | Queue | Archer |
| 16:06 | Build | Farm |
| 16:08 | Build | Farm |
| 16:11 | Build | Farm |
| 16:19 | Research | Wheelbarrow |
| 16:19 | Research | Wheelbarrow |
| 16:29 | Queue | Archer |
| 16:32 | Queue | Villager (Male) |
| 16:47 | Build | Farm |
| 17:03 | Build | Farm |
| 17:05 | Build | Farm |
| 17:32 | Build | Farm |
| 17:34 | Build | Farm |
| 17:36 | Build | Farm |
| 17:43 | Queue | Villager (Male) |
| 17:46 | Queue | Archer |
| 17:58 | Build | House |
| 18:14 | Build | Archery Range |
| 18:36 | Research | Castle Age |
| 18:36 | Research | Castle Age |
| 18:42 | Build | Mining Camp |
| 18:46 | Queue | Archer |
| 18:50 | Build | Lumber Camp |
| 19:10 | Research | Scale Mail Armor |
| 19:11 | Research | Scale Mail Armor |
| 19:11 | Queue | Archer |
| 19:13 | Queue | Archer |
| 19:23 | Queue | Archer |
| 19:27 | Queue | Archer |
| 19:28 | Queue | Archer |
| 19:51 | Research | Gold Mining |
| 19:52 | Research | Padded Archer Armor |
| 19:52 | Research | Padded Archer Armor |
| 19:56 | Queue | Archer |
| 20:02 | Queue | Archer |
| 20:12 | Queue | Archer |
| 20:22 | Queue | Archer |
| 20:27 | Research | Horse Collar |
| 21:16 | Age | Castle Age |
| 21:19 | Research | Bodkin Arrow |
| 21:19 | Research | Crossbowman (upgrade) |
| 21:19 | Research | Crossbowman (upgrade) |
Build order — SSS66618
124 actions detected in the replay
| 0:00 | Queue | Villager (Male) |
| 0:01 | Queue | Villager (Male) |
| 0:02 | Build | House |
| 0:02 | Build | House |
| 0:11 | Queue | Villager (Male) |
| 0:11 | Queue | Villager (Male) |
| 1:32 | Queue | Villager (Male) |
| 2:08 | Queue | Villager (Male) |
| 2:22 | Build | Settlement |
| 2:28 | Queue | Villager (Male) |
| 2:28 | Queue | Villager (Male) |
| 2:28 | Queue | Villager (Male) |
| 2:49 | Queue | Villager (Male) |
| 3:32 | Queue | Villager (Male) |
| 3:59 | Queue | Villager (Male) |
| 4:31 | Queue | Villager (Male) |
| 4:49 | Build | Barracks |
| 4:56 | Queue | Villager (Male) |
| 5:20 | Build | House |
| 5:22 | Queue | Villager (Male) |
| 5:45 | Queue | Villager (Male) |
| 5:57 | Research | Loom |
| 6:11 | Build | Settlement |
| 6:45 | Research | Feudal Age |
| 6:52 | Queue | Unit 2550 |
| 7:24 | Queue | Unit 2550 |
| 7:50 | Build | Palisade Wall |
| 7:51 | Build | Palisade Wall |
| 7:59 | Build | Palisade Wall |
| 8:03 | Queue | Villager (Male) |
| 8:08 | Build | House |
| 8:10 | Build | House |
| 8:12 | Build | House |
| 8:17 | Queue | Unit 2550 |
| 8:55 | Age | Feudal Age |
| 9:09 | Research | Tech 1402 |
| 9:13 | Queue | Villager (Male) |
| 9:25 | Queue | Villager (Male) |
| 9:31 | Build | Palisade Wall |
| 9:33 | Build | Palisade Wall |
| 9:41 | Research | Double-Bit Axe |
| 9:46 | Build | Palisade Wall |
| 10:01 | Queue | Villager (Male) |
| 10:03 | Build | Farm |
| 10:17 | Build | House |
| 10:20 | Build | House |
| 10:23 | Build | House |
| 10:24 | Build | House |
| 10:27 | Queue | Villager (Male) |
| 10:35 | Build | Archery Range |
| 10:50 | Build | Farm |
| 11:16 | Queue | Villager (Male) |
| 11:17 | Queue | Archer |
| 11:36 | Queue | Archer |
| 11:40 | Queue | Villager (Male) |
| 11:40 | Queue | Villager (Male) |
| 11:42 | Build | Farm |
| 11:44 | Build | Farm |
| 12:04 | Build | House |
| 12:07 | Build | House |
| 12:12 | Build | House |
| 12:14 | Queue | Villager (Male) |
| 12:19 | Build | Farm |
| 12:32 | Queue | Archer |
| 12:45 | Queue | Villager (Male) |
| 12:47 | Build | Farm |
| 12:49 | Build | House |
| 12:58 | Build | Palisade Wall |
| 12:59 | Build | Palisade Wall |
| 13:07 | Queue | Villager (Male) |
| 13:23 | Build | Settlement |
| 13:25 | Build | Palisade Wall |
| 13:44 | Queue | Villager (Male) |
| 13:45 | Queue | Archer |
| 14:03 | Queue | Villager (Male) |
| 14:11 | Build | Watch Tower |
| 14:18 | Build | Farm |
| 14:19 | Build | House |
| 14:28 | Build | Farm |
| 14:43 | Queue | Unit 2550 |
| 14:43 | Queue | Villager (Male) |
| 14:52 | Build | Palisade Wall |
| 14:55 | Queue | Villager (Male) |
| 15:12 | Queue | Villager (Male) |
| 15:16 | Build | Farm |
| 15:42 | Build | House |
| 15:45 | Build | House |
| 15:51 | Build | House |
| 15:56 | Queue | Skirmisher |
| 15:57 | Queue | Villager (Male) |
| 16:07 | Build | House |
| 16:17 | Queue | Villager (Male) |
| 16:26 | Build | Blacksmith |
| 16:31 | Queue | Skirmisher |
| 16:48 | Queue | Villager (Male) |
| 17:00 | Build | House |
| 17:03 | Build | House |
| 17:05 | Build | House |
| 17:09 | Queue | Villager (Male) |
| 17:14 | Research | Fletching |
| 17:19 | Queue | Archer |
| 17:25 | Build | Farm |
| 17:28 | Research | Town Watch |
| 17:34 | Queue | Villager (Male) |
| 17:43 | Build | Farm |
| 17:48 | Build | House |
| 17:50 | Build | House |
| 18:09 | Queue | Archer |
| 18:16 | Build | Market |
| 18:25 | Queue | Villager (Male) |
| 18:36 | Queue | Skirmisher |
| 18:40 | Build | House |
| 18:47 | Build | Palisade Wall |
| 18:57 | Queue | Villager (Male) |
| 19:09 | Queue | Archer |
| 19:59 | Build | Farm |
| 20:24 | Build | Barracks |
| 20:25 | Research | Castle Age |
| 20:44 | Research | Scale Mail Armor |
| 20:52 | Build | House |
| 20:55 | Build | Barracks |
| 21:01 | Build | Palisade Gate |
| 21:04 | Research | Horse Collar |
| 21:10 | Build | Farm |
Match timeline
| 4:14 | Chavah · first_building Barracks |
| 4:18 | Chavah · wall_segment Palisade Wall x1 |
| 4:49 | SSS66618 · first_building Barracks |
| 5:32 | Chavah · wall_segment Palisade Wall x7 |
| 6:22 | Chavah · wall_segment Palisade Wall x1 |
| 7:26 | Chavah · wall_segment Palisade Wall x1 |
| 7:38 | Chavah · wall_segment Palisade Wall x1 |
| 7:50 | SSS66618 · wall_segment Palisade Wall x3 |
| 7:51 | SSS66618 · wall_segment Palisade Wall x6 |
| 7:59 | SSS66618 · wall_segment Palisade Wall x1 |
| 8:55 | SSS66618 · age_up feudal |
| 9:31 | SSS66618 · wall_segment Palisade Wall x5 |
| 9:32 | Chavah · wall_segment Palisade Wall x14 |
| 9:33 | SSS66618 · wall_segment Palisade Wall x7 |
| 9:46 | SSS66618 · wall_segment Palisade Wall x4 |
| 10:06 | Chavah · wall_segment Palisade Wall x1 |
| 10:08 | Chavah · wall_segment Palisade Wall x2 |
| 10:10 | Chavah · wall_segment Palisade Wall x1 |
| 10:19 | Chavah · wall_segment Palisade Wall x1 |
| 10:35 | SSS66618 · first_building Archery Range |
| 11:22 | Chavah · age_up feudal |
| 11:31 | Chavah · first_building Archery Range |
| 12:58 | SSS66618 · wall_segment Palisade Wall x1 |
| 12:59 | SSS66618 · wall_segment Palisade Wall x1 |
| 13:25 | SSS66618 · wall_segment Palisade Wall x4 |
| 14:52 | SSS66618 · wall_segment Palisade Wall x7 |
| 18:47 | SSS66618 · wall_segment Palisade Wall x11 |
| 19:26 | SSS66618 · first_market_buy 100 food |
| 19:27 | SSS66618 · first_market_sell 100 wood |
| 21:16 | Chavah · age_up castle |
| 21:38 | SSS66618 · resign |
[ AI ANALYSIS · 1 CREDIT ]
What really happened in this match?
Wolo.gg analyzes every decision: build order, eco, micro, common mistakes by bracket. Personalized analysis on WhatsApp or Discord in 30 seconds.
Civ guide
Malians
Perfil
Jugador #14669191